 Dungeon Crawl Stone Soup version 0.32-a0-377-g951292165a (webtiles) character file.

Game seed: 1879685597895461600

6 Ijustatesigmund the Digger (level 1, 0/11 HPs)
             Began as a Gargoyle Earth Elementalist on Feb 19, 2024.
             Slain by a jackal (2 damage)
             ... on level 1 of the Dungeon.
             The game lasted 00:00:29 (76 turns).

Ijustatesigmund the Digger (GrEE)                     Turns: 76, Time: 00:00:30

Health: 0/11       AC:  4    Str: 11    XL:     1   Next: 90%
Magic:  2/3        EV: 11    Int: 15    God:
Gold:   9          SH:  0    Dex: 10    Spells: 3/4 levels left

rFire   . . .        (no weapon)
rCold   . . .        (no shield)
rNeg    + . .        a - +0 robe
rPois   ∞            (no helmet)
rElec   +            (no cloak)
rCorr   .            (no gloves)
SInv    .            (no boots)
Will    .....        (no amulet)
Stlth   ++           (no ring)
HPRegen 0.21/turn    (no ring)
MPRegen 0.08/turn

%: no passive effects
@: no status effects
A: sickness immunity, AC +2, negative energy resistance 1, electricity
resistance, torment resistance 1, petrification resistance
a: no special abilities


You were on level 1 of the Dungeon.
You visited 1 branch of the dungeon, and saw 1 of its levels.

You collected 9 gold pieces.

Inventory:

Armour
 a - a +0 robe (worn)
Potions
 b - a potion of magic
 c - a potion of attraction {unknown}


   Skills:
 + Level 0.5 Fighting
 - Level 1.5 Dodging
 - Level 2.1 Stealth
 + Level 2.1 Spellcasting
 + Level 1.3 Conjurations
 + Level 3.8 Earth Magic


You had 3 spell levels left.
You knew the following spells:

 Your Spells              Type           Power      Damage    Failure   Level
a - Sandblast             Erth           26%        2d8       4%          1

Your spell library contained the following spells:

 Spells                   Type           Power      Damage    Failure   Level
 Passwall                 Erth           13%        N/A       14%         3
 Stone Arrow              Conj/Erth      18%        3d8       22%         3
 Brom's Barrelling Bould  Conj/Erth      9%         2d3       58%         4
 Petrify                  Alch/Erth      7%         N/A       69%         4


Dungeon Overview and Level Annotations

Branches:
Dungeon (1/15)

Altars:


Innate Abilities, Weirdness & Mutations

You are immune to sickness and miasma.
Your stone body is resilient. (AC +2)
You are immune to poison.
You resist negative energy. (rN+)
You are resistant to electric shocks. (rElec)
You are resistant to unholy torment.
You are immune to petrification.


Message History

You hit the jackal.
The jackal is lightly wounded.
The jackal barely misses you.
You hit the jackal.
The jackal is heavily wounded.
The jackal closely misses you. The jackal bites you.
You closely miss the jackal.
The jackal is heavily wounded.
The jackal bites you but does no damage.
You barely miss the jackal.
The jackal is heavily wounded.
The jackal closely misses you.
The jackal bites you but does no damage.
You closely miss the jackal.
The jackal is heavily wounded.
The jackal misses you.
You barely miss the jackal.
The jackal is heavily wounded.
The jackal bites you.
You hit the jackal.
The jackal is severely wounded.
The jackal bites you but does no damage.
The jackal barely misses you.
You hit the jackal but do no damage.
The jackal is severely wounded.
The jackal bites you but does no damage.
You hit the jackal but do no damage.
The jackal is severely wounded.
The jackal bites you. The jackal closely misses you.
You hit the jackal but do no damage.
The jackal is severely wounded.
The jackal barely misses you.
You hit the jackal.
The jackal is almost dead.
The jackal bites you.
* * * LOW HITPOINT WARNING * * *
You barely miss the jackal.
The jackal is almost dead.
The jackal misses you. The jackal bites you.
You die...

###..#
....# .
....# ..
...# ##.
#..#...
#..#K##...
#
#.†hK.....
.. #.@#
....####..#
#...
..........#
#..#
#.........#
#..#
#.........#
#..#
#..#####..#
#..###..#
#..#
#.......#
#..#
#.....<.#
#..#


You could see a jackal and 2 kobolds.

Vanquished Creatures
  3 jackals (D:1)
3 creatures vanquished.

Notes
Turn   | Place    | Note
-------+----------+-------------------------------------------
     0 | D:1      | Ijustatesigmund the Gargoyle Earth Elementalist began the
                  | quest for the Orb.
     0 | D:1      | Reached XP level 1. HP: 10/10 MP: 3/3
    76 | D:1      | Slain by a jackal

Illustrated notes

Levels and vault maps discovered:
D:1:      dpeg_arrival_boxorama, layout_rooms, ebering_ecumenical_altar_hall,
          hangedman_feature_mirror, st_stairs_13, minmay_misc_feat_columns,
          chequers_serial_rivers_marsh, minmay_3d_cube

Action                     || total
---------------------------++-------
  Melee: Unarmed           ||    27
         Punch             ||     1
   Cast: Sandblast         ||     4
 Armour: Robe              ||    27
  Dodge: Dodged            ||    33

Table legend: (Time is in decaauts)
 A = Elapsed time spent in this place.
 B = Non-inter-level travel time spent in this place.
 C = Inter-level travel time spent in this place.
 D = Time resting spent in this place.
 E = Time spent auto-exploring this place.
 F = Levels seen in this place.
 G = Mean time per level.
                   A        B        C        D        E       F      G
               +--------+--------+--------+--------+--------+-----+--------+
         Total |     78 |     78 |      0 |     11 |     30 |   1 |   78.0 |
       Dungeon |     78 |     78 |      0 |     11 |     30 |   1 |   78.0 |
               +--------+--------+--------+--------+--------+-----+--------+

Top non-repeatable levels by time:
     D:1: 78 daAuts
